[Event "TCh-ESP Div Honor 2016"]
[White "Saric, Ivan"]
[Black "Kuzubov, Yuriy"]
[Site "Monzon"]
[Result "0-1"]
[Date "2016.09.30"]
[WhiteElo "2668"]
[BlackElo "2629"]
[PlyCount "125"]
[TimeControl "60"]

1. e4 c5 2. Nf3 Nc6 3. Bb5 g6 4. Bxc6 bxc6 5. 0-0 Bg7 6. Re1 Nf6 7. e5 Nd5 8. c4 Nc7 9. d4 cxd4 10. Qxd4 Ne6 11. Qh4 d6 12. Nc3 dxe5 13. Bh6 f6 14. Bxg7 Nxg7 15. Rad1 Qc7 16. Ne4 0-0 17. Qh6 Nf5 18. Qc1 Nd6 19. Nh4 Nxe4 20. Rxe4 g5 21. Nf3 Bf5 22. Ree1 Rad8 23. h4 Rxd1 24. Rxd1 g4 25. Nd2 Rd8 26. Nf1 Rxd1 27. Qxd1 Qd7 28. Qxd7 Bxd7 29. Nd2 Kf7 30. Kf1 Bf5 31. Ke2 Ke6 32. b4 Bc2 33. Ke3 f5 34. g3 Kd6 35. a3 e4 36. Kd4 e5+ 37. Kc3 Bd1 38. Nb1 f4 39. Kd2 Bb3 40. Nc3 Bxc4 41. Nxe4+ Ke7 42. Kc3 Bd5 43. Nc5 Kf6 44. a4 e4 45. Kd2 Kf5 46. Ke1 h6 47. Nd7 fxg3 48. fxg3 Ke6 49. Nf8+ Ke5 50. Ng6+ Kd4 51. Ne7 Kc4 52. b5 cxb5 53. axb5 Be6 54. Nc6 Kc5 55. Kd2 a5 56. Kc3 a4 57. h5 e3 58. Nd4 Bd7 59. b6 Kxb6 60. Kd3 a3 61. Nb3 Be8 62. Kxe3 Bxh5 63. Kd4 0-1

[Event "TCh-ESP Div Honor 2016"]
[White "Sevian, Samuel"]
[Black "Adhiban, B."]
[Site "Monzon"]
[Result "0-1"]
[Date "2016.09.30"]
[WhiteElo "2591"]
[BlackElo "2671"]
[PlyCount "86"]
[TimeControl "60"]

1. e4 c5 2. Nf3 d6 3. d4 cxd4 4. Nxd4 Nf6 5. Nc3 a6 6. Be3 e5 7. Nb3 Be6 8. f3 Be7 9. Qd2 h5 10. Nd5 Nxd5 11. exd5 Bf5 12. Be2 Nd7 13. 0-0 0-0 14. Na5 Qc7 15. c4 Rfe8 16. b4 Nf6 17. Rac1 Rad8 18. Bd1 Rc8 19. Bb3 e4 20. Bd4 exf3 21. Rxf3 Ne4 22. Qb2 Bg4 23. Rff1 Bf6 24. Rce1 Bh4 25. Re3 Bg5 26. Rd3 Nf6 27. h3 Re2 28. Qa1 Qe7 29. hxg4 Qe4 30. Rdf3 hxg4 31. R3f2 Rxf2 32. Bxf2 g3 33. Bxg3 Be3+ 34. Bf2 Ng4 35. Qd1 Qf4 36. Qxg4 Bxf2+ 37. Rxf2 Qxg4 38. Bc2 Re8 39. Bd3 Qd4 40. Bf1 Re1 41. g3 Re3 42. Kh2 Qg4 43. Rg2 Qf3 0-1

[Event "TCh-ESP Div Honor 2016"]
[White "Svetushkin, Dmitry"]
[Black "Quesada Perez, Yuniesky"]
[Site "Monzon"]
[Result "1/2-1/2"]
[Date "2016.09.30"]
[WhiteElo "2543"]
[BlackElo "2636"]
[PlyCount "60"]
[TimeControl "60"]

1. e4 e5 2. Nf3 Nc6 3. Bb5 Nf6 4. d3 Bc5 5. Nbd2 d6 6. 0-0 0-0 7. c3 Ne7 8. d4 exd4 9. cxd4 Bb6 10. Re1 Bg4 11. h3 Bh5 12. a4 c6 13. Bd3 Bg6 14. Qc2 d5 15. e5 Nd7 16. Nb3 a5 17. Bg5 f6 18. exf6 Nxf6 19. Re6 Qd7 20. Rae1 Bxd3 21. Qxd3 Ng6 22. Bxf6 Nf4 23. Re7 Qxe7 24. Rxe7 Nxd3 25. Rxg7+ Kh8 26. Rf7+ Kg8 27. Rg7+ Kh8 28. Rf7+ Kg8 29. Rg7+ Kh8 30. Rf7+ Kg8 1/2-1/2

[Event "TCh-ESP Div Honor 2016"]
[White "Vega Gutierrez, Sabrina"]
[Black "Buiza Prieto, Eihartze"]
[Site "Monzon"]
[Result "1-0"]
[Date "2016.09.30"]
[WhiteElo "2411"]
[BlackElo "2093"]
[PlyCount "97"]
[TimeControl "60"]

1. d4 Nf6 2. c4 c5 3. d5 e6 4. Nc3 exd5 5. cxd5 d6 6. g3 g6 7. Nf3 Bg7 8. Bg2 0-0 9. 0-0 Re8 10. Nd2 Nbd7 11. Re1 h6 12. Qc2 Rb8 13. a4 a6 14. b3 b5 15. axb5 axb5 16. Bb2 Qb6 17. e4 Bb7 18. Bf1 Ba6 19. Rxa6 Qxa6 20. Ra1 Qb6 21. Bxb5 Ra8 22. Rxa8 Rxa8 23. Nc4 Qb8 24. Bc6 Ra6 25. Nb5 Rxc6 26. dxc6 Qxb5 27. cxd7 Qxd7 28. Nxd6 Qxd6 29. e5 Qd5 30. exf6 Bf8 31. h4 h5 32. Bc1 Qd4 33. Bg5 Qa1+ 34. Kh2 Qd4 35. Be3 Qe5 36. Qc4 Qf5 37. Qb5 Qc8 38. Kg1 Bd6 39. Qc4 Qc7 40. Qb5 Qc8 41. Qc4 Qc7 42. Qd5 Kh7 43. g4 hxg4 44. h5 Bf8 45. Bf4 Qa7 46. Qd8 Bh6 47. hxg6+ Kxg6 48. Qd3+ Kxf6 49. Qd6+ 1-0

[Event "TCh-ESP Div Honor 2016"]
[White "Dominguez Perez, Leinier"]
[Black "Sevian, Samuel"]
[Site "Monzon"]
[Result "1-0"]
[Date "2016.10.01"]
[WhiteElo "2720"]
[BlackElo "2591"]
[PlyCount "101"]
[TimeControl "60"]

1. e4 e5 2. Nf3 Nc6 3. Bb5 a6 4. Ba4 Nf6 5. 0-0 Be7 6. Re1 b5 7. Bb3 0-0 8. a4 b4 9. d4 d6 10. dxe5 dxe5 11. Nbd2 Bc5 12. a5 Qe7 13. Bd5 Bd7 14. Nb3 Bd6 15. Bg5 Rad8 16. Qe2 Nb8 17. Bc4 Bc8 18. Nh4 Kh8 19. Nf5 Bxf5 20. exf5 e4 21. g3 Qe5 22. Bxf6 Qxf6 23. Bxa6 Bxg3 24. Bb7 Be5 25. Qxe4 Bxb2 26. Rad1 Bc3 27. Rxd8 Qxd8 28. Re3 g6 29. a6 Rg8 30. Qd3 gxf5+ 31. Rg3 Qxd3 32. cxd3 Nxa6 33. Rxg8+ Kxg8 34. Bxa6 Kg7 35. f4 Kg6 36. Kg2 Bg7 37. Bc4 Bf8 38. Nd4 Kf6 39. Nc6 Bd6 40. Kf3 Kg7 41. Nd8 f6 42. Nc6 Bc5 43. d4 Bd6 44. Bb3 Kg6 45. Bc2 Bf8 46. Na5 h6 47. Nc4 Kf7 48. Ne3 h5 49. Nxf5 c5 50. Bb3+ Kg6 51. Ke4 1-0

[Event "TCh-ESP Div Honor 2016"]
[White "Adhiban, B."]
[Black "Iturrizaga Bonelli, Eduardo"]
[Site "Monzon"]
[Result "0-1"]
[Date "2016.10.01"]
[WhiteElo "2671"]
[BlackElo "2650"]
[PlyCount "138"]
[TimeControl "60"]

1. d4 Nf6 2. c4 e6 3. Nf3 b6 4. a3 c5 5. Nc3 cxd4 6. Nxd4 Bb7 7. Bg5 a6 8. e3 Be7 9. Rc1 d6 10. Nf3 Nbd7 11. Be2 0-0 12. 0-0 Qc7 13. Nd2 Rac8 14. b4 Rfd8 15. Qb3 Nf8 16. e4 Qb8 17. Be3 Bc6 18. a4 a5 19. bxa5 bxa5 20. Bb6 Rd7 21. Bxa5 Rb7 22. Nb5 Nxe4 23. Nxe4 Bxe4 24. Bf3 Bxf3 25. Qxf3 Nd7 26. Rfd1 Nc5 27. Bb4 Rb6 28. a5 Ra6 29. Rb1 d5 30. Nc3 Qa8 31. cxd5 Bf6 32. Bxc5 Rxc5 33. Ne4 Rc8 34. d6 Bd8 35. d7 Rc7 36. Qg3 Raa7 37. h3 h6 38. Qf3 Rxa5 39. Qf4 Rd5 40. Rxd5 Qxd5 41. Rb6 Qd1+ 42. Kh2 Rxd7 43. Rb8 Qd4 44. g3 f5 45. Rb4 Qa7 46. Ra4 Qb6 47. Rb4 Qa5 48. Nc3 Kh7 49. Ne2 Bg5 50. Qc4 Rd2 51. Rb5 Qa7 52. Kg2 Qa8+ 53. f3 Qa6 54. h4 Rb2 55. Rb4 Rxe2+ 56. Kf1 Ra2 57. hxg5 hxg5 58. Qxa6 Rxa6 59. Kf2 Kg6 60. g4 Ra2+ 61. Kf1 Kf6 62. Ke1 g6 63. Kf1 Ke5 64. Ke1 Rc2 65. Ra4 Kd5 66. Ra5+ Kd4 67. Ra6 Ke3 68. Rxe6+ Kxf3 69. gxf5 gxf5 0-1

[Event "TCh-ESP Div Honor 2016"]
[White "Inarkiev, Ernesto"]
[Black "Cheparinov, Ivan"]
[Site "Monzon"]
[Result "1/2-1/2"]
[Date "2016.10.01"]
[WhiteElo "2732"]
[BlackElo "2677"]
[PlyCount "117"]
[TimeControl "60"]

1. d4 Nf6 2. c4 e6 3. Nf3 d5 4. g3 Be7 5. Bg2 0-0 6. 0-0 dxc4 7. Qc2 a6 8. a4 Bd7 9. Qxc4 Bc6 10. Bg5 Nbd7 11. Nc3 h6 12. Bxf6 Nxf6 13. a5 Qd6 14. Rfc1 Rac8 15. e3 Rfd8 16. Qe2 Bxf3 17. Bxf3 c6 18. Na4 Nd7 19. Rc4 Rb8 20. Rd1 Nf6 21. b4 e5 22. Nc5 exd4 23. Rcxd4 Qc7 24. Qc4 Rxd4 25. Rxd4 Bxc5 26. Qxc5 Rd8 27. Rxd8+ Qxd8 28. Kg2 Qf8 29. Qd4 Qe7 30. Qa7 Nd5 31. Bxd5 cxd5 32. Qd4 Qe6 33. h4 g5 34. hxg5 hxg5 35. g4 f6 36. Kf3 Kf7 37. Qd3 Qc6 38. Ke2 Ke7 39. f4 gxf4 40. exf4 d4 41. Qxd4 Qg2+ 42. Kd3 Qxg4 43. Qe4+ Kd6 44. Qd4+ Ke7 45. Qc5+ Ke8 46. Ke4 Qe6+ 47. Kd4 Qd7+ 48. Kc4 Qe6+ 49. Kd4 Qd7+ 50. Qd5 Qxd5+ 51. Kxd5 Kd7 52. Kc5 Kc7 53. b5 axb5 54. Kxb5 Kd7 55. Kb6 Kc8 56. f5 Kb8 57. Kc5 Kc7 58. Kd5 Kd7 59. Ke4 1/2-1/2

[Event "TCh-ESP Div Honor 2016"]
[White "Vallejo Pons, Francisco"]
[Black "Rubio Mejia, Luis Ignacio"]
[Site "Monzon"]
[Result "1-0"]
[Date "2016.10.01"]
[WhiteElo "2716"]
[BlackElo "2447"]
[PlyCount "95"]
[TimeControl "60"]

1. d4 Nf6 2. c4 e6 3. g3 Bb4+ 4. Bd2 Qe7 5. Bg2 Nc6 6. e3 Bxd2+ 7. Qxd2 d5 8. cxd5 exd5 9. Nc3 Be6 10. Nge2 Rd8 11. Nf4 0-0 12. 0-0 Qd7 13. Na4 b6 14. b3 Ne7 15. Rac1 Ng6 16. Nxe6 fxe6 17. Nb2 Qd6 18. Nd3 e5 19. dxe5 Nxe5 20. Nxe5 Qxe5 21. Rc6 Ne4 22. Qd4 Qxd4 23. exd4 Nd6 24. Bxd5+ Kh8 25. Be6 Rde8 26. d5 Re7 27. Rfc1 Ne8 28. f4 a5 29. h4 g6 30. a4 Rf6 31. R1c4 Kg7 32. g4 h6 33. Kh2 Rf8 34. Kg3 Rf6 35. Rc3 Rf8 36. Rc2 Rf6 37. R2c3 Rf8 38. Rc1 Rf6 39. f5 gxf5 40. gxf5 Rf8 41. Kf4 Kh7 42. Ke5 Kh8 43. Rg1 Kh7 44. Rg6 Nd6 45. Rxd6 cxd6+ 46. Kxd6 Rg7 47. Rxg7+ Kxg7 48. Ke7 1-0

[Event "TCh-ESP Div Honor 2016"]
[White "Piorun, Kacper"]
[Black "Harikrishna, P."]
[Site "Monzon"]
[Result "1-0"]
[Date "2016.10.01"]
[WhiteElo "2681"]
[BlackElo "2752"]
[PlyCount "94"]
[TimeControl "60"]

1. e4 c5 2. Nf3 e6 3. d4 cxd4 4. Nxd4 Nc6 5. Nc3 Qc7 6. f4 Nxd4 7. Qxd4 b6 8. Be3 Bb7 9. 0-0-0 Rc8 10. Kb1 Nf6 11. Qd3 a6 12. e5 Nd5 13. Nxd5 Bxd5 14. c4 Bxc4 15. Qxc4 Qxc4 16. Bxc4 Rxc4 17. Bxb6 Rc6 18. Ba5 Rc5 19. b4 Rc6 20. Rc1 Be7 21. a4 0-0 22. Rhd1 Rfc8 23. Rxc6 dxc6 24. Rd7 Kf8 25. Ra7 Rb8 26. Kc2 Bxb4 27. Bc7 Rc8 28. a5 Rxc7 29. Rxc7 c5 30. Rc8+ Ke7 31. Rc7+ Kf8 32. Rc8+ Ke7 33. g4 Bxa5 34. Rg8 g6 35. Rh8 h5 36. gxh5 gxh5 37. Rxh5 c4 38. Rg5 Be1 39. Rg4 f5 40. Rg1 Bf2 41. Rf1 Bd4 42. Rf3 Kf7 43. Ra3 a5 44. Ra4 Bg1 45. h3 Bc5 46. Rxc4 Bb4 47. Rxb4 Ke8 1-0

[Event "TCh-ESP Div Honor 2016"]
[White "Van Wely, Loek"]
[Black "Baklan, Vladimir"]
[Site "Monzon"]
[Result "1-0"]
[Date "2016.10.01"]
[WhiteElo "2674"]
[BlackElo "2619"]
[PlyCount "101"]
[TimeControl "60"]

1. d4 d6 2. Nf3 g6 3. c4 Bg7 4. Nc3 Bg4 5. g3 Bxf3 6. exf3 Nf6 7. g4 Nfd7 8. Be3 c5 9. d5 Na6 10. Qd2 Qa5 11. Be2 h5 12. 0-0 hxg4 13. fxg4 f5 14. g5 Rh7 15. Kg2 0-0-0 16. h3 Rdh8 17. Rh1 Nb6 18. Qc2 Bxc3 19. bxc3 Qa4 20. Qb3 Nc7 21. Bd2 e5 22. dxe6 Nxe6 23. Qxa4 Nxa4 24. Rae1 Nb6 25. Bf3 Nc7 26. Be2 Ne6 27. Kg3 Kd7 28. a4 Nxa4 29. Ra1 Nb6 30. Rxa7 Kc7 31. h4 f4+ 32. Bxf4 Nxf4 33. Kxf4 Nxc4 34. Kg3 Nd2 35. Bd3 Rf7 36. f4 Re7 37. Bxg6 Re3+ 38. Kg4 Rxc3 39. h5 Nc4 40. h6 Ne3+ 41. Kh5 d5 42. h7 Rc4 43. Rb1 Rxf4 44. Raxb7+ Kd6 45. Rb8 Rff8 46. Rxf8 Rxf8 47. Kh6 Ke5 48. Kg7 Rc8 49. h8=Q Rxh8 50. Kxh8 Kf4 51. Rg1 1-0

[Event "TCh-ESP Div Honor 2016"]
[White "Oparin, Grigoriy"]
[Black "Kryvoruchko, Yuriy"]
[Site "Monzon"]
[Result "1/2-1/2"]
[Date "2016.10.01"]
[WhiteElo "2626"]
[BlackElo "2693"]
[PlyCount "84"]
[TimeControl "60"]

1. Nf3 Nf6 2. g3 d5 3. Bg2 e6 4. 0-0 Be7 5. c4 0-0 6. b3 d4 7. e3 c5 8. Bb2 Nc6 9. exd4 cxd4 10. Re1 Re8 11. Ne5 Nxe5 12. Rxe5 Bd6 13. Bxd4 Bxe5 14. Bxe5 Nd7 15. Bb2 e5 16. Nc3 Nf6 17. Nd5 Rb8 18. Nxf6+ Qxf6 19. d4 exd4 20. Bxd4 Qd6 21. Qd2 b6 22. Qc3 f6 23. Be3 Qe5 24. Qxe5 fxe5 25. c5 bxc5 26. Bxc5 a6 27. Bd6 Rb6 28. Bc7 Rf6 29. Re1 Kf7 30. Bxe5 Rd6 31. Bf1 Rd2 32. a4 Ra2 33. h4 Be6 34. Bxa6 Bxb3 35. Bb5 Re7 36. Bc3 Rxe1+ 37. Bxe1 Ra1 38. Kf1 Be6 39. a5 Bh3+ 40. Ke2 Bg4+ 41. Kf1 Ke6 42. Bc6 Ke5 1/2-1/2

[Event "TCh-ESP Div Honor 2016"]
[White "Anton Guijarro, David"]
[Black "Radjabov, Teimour"]
[Site "Monzon"]
[Result "1-0"]
[Date "2016.10.01"]
[WhiteElo "2630"]
[BlackElo "2722"]
[PlyCount "61"]
[TimeControl "60"]

1. d4 Nf6 2. c4 g6 3. Nc3 Bg7 4. e4 d6 5. h3 0-0 6. Be3 c5 7. Nf3 cxd4 8. Nxd4 b6 9. g3 Bb7 10. Bg2 Nbd7 11. 0-0 Rc8 12. b3 Ba8 13. Re1 a6 14. a4 e6 15. g4 h6 16. Qd2 Nc5 17. Qc2 Qc7 18. Rad1 Rfd8 19. Nde2 Qb8 20. Ng3 Kh7 21. g5 hxg5 22. Bxg5 e5 23. h4 Ne6 24. Bh3 Nd4 25. Qd3 Nd7 26. b4 f6 27. Nge2 Qc7 28. Nxd4 exd4 29. Nd5 Qxc4 30. Bxd7 fxg5 31. Qh3 1-0

[Event "TCh-ESP Div Honor 2016"]
[White "Cuenca Jimenez, Jose Fernando"]
[Black "Rapport, Richard"]
[Site "Monzon"]
[Result "0-1"]
[Date "2016.10.01"]
[WhiteElo "2529"]
[BlackElo "2752"]
[PlyCount "76"]
[TimeControl "60"]

1. d4 d5 2. c4 e6 3. Nf3 Nf6 4. g3 Bb4+ 5. Bd2 Bd6 6. Nc3 0-0 7. Qc2 Nc6 8. Bg2 dxc4 9. 0-0 a6 10. Ne4 Be7 11. e3 Nxe4 12. Qxe4 Rb8 13. Qc2 e5 14. Nxe5 Nxe5 15. dxe5 b5 16. Ba5 Bc5 17. b3 Qe7 18. bxc4 b4 19. Qb2 Bg4 20. h3 Be6 21. Rfc1 Rfd8 22. Kh2 h5 23. Qe2 h4 24. gxh4 Bf5 25. f4 Rd3 26. e4 Re3 27. Qf1 Bc8 28. Re1 Ra3 29. h5 Rxa5 30. h6 Ra3 31. hxg7 Qh4 32. f5 Bd4 33. Rad1 Bxe5+ 34. Kh1 Bb7 35. Re2 Qg3 36. Qg1 Bc6 37. Bf1 Qxg1+ 38. Kxg1 Kxg7 0-1

[Event "TCh-ESP Div Honor 2016"]
[White "Perez Candelario, Manuel"]
[Black "Korneev, Oleg"]
[Site "Monzon"]
[Result "1/2-1/2"]
[Date "2016.10.01"]
[WhiteElo "2574"]
[BlackElo "2581"]
[PlyCount "125"]
[TimeControl "60"]

1. e4 e5 2. Nf3 Nc6 3. d4 exd4 4. Bc4 Nf6 5. e5 d5 6. Bb5 Ne4 7. Nxd4 Bd7 8. Bxc6 bxc6 9. 0-0 Be7 10. f3 Nc5 11. f4 g6 12. Nc3 Ne6 13. Nb3 a5 14. a4 Ng7 15. Be3 h5 16. Qd2 Bf5 17. Ne2 Ne6 18. Qc3 Ra6 19. Nc5 Nxc5 20. Bxc5 Bxc5+ 21. Qxc5 Qe7 22. Qe3 c5 23. Qd2 d4 24. Ng3 Qe6 25. Qe2 Rb6 26. b3 h4 27. Ne4 Bxe4 28. Qxe4 Qc6 29. Qd3 h3 30. Rf2 Qd5 31. g3 Kd8 32. Re1 Kc8 33. Rf3 Kb7 34. g4 Rh4 35. Rg3 f6 36. c4 Qd7 37. Qe4+ Ka7 38. e6 Qe7 39. Qd5 d3 40. Kh1 f5 41. Rxd3 fxg4 42. Qe4 Rd6 43. Rxd6 cxd6 44. Qxg6 Rh6 45. Qe4 Rh8 46. f5 Rg8 47. Rf1 Qf6 48. Qc6 Qe5 49. Qc7+ Ka6 50. Qc6+ Ka7 51. Rd1 Qxf5 52. Qc7+ Ka8 53. Qxa5+ Kb7 54. Qb5+ Ka7 55. Qd7+ Ka8 56. Qc6+ Ka7 57. Qc7+ Ka8 58. Qc6+ Ka7 59. Re1 Rf8 60. Qc7+ Ka8 61. Qc6+ Ka7 62. Qc7+ Ka8 63. Qc6+ 1/2-1/2

[Event "TCh-ESP Div Honor 2016"]
[White "Quesada Perez, Yuniesky"]
[Black "Ganguly, Surya Shekhar"]
[Site "Monzon"]
[Result "1-0"]
[Date "2016.10.01"]
[WhiteElo "2636"]
[BlackElo "2672"]
[PlyCount "93"]
[TimeControl "60"]

1. e4 c5 2. Nf3 e6 3. d4 cxd4 4. Nxd4 Nc6 5. Nc3 Qc7 6. f4 Nxd4 7. Qxd4 b6 8. Bd2 Bb7 9. Nb5 Qc6 10. Bb4 Nf6 11. e5 Qe4+ 12. Qxe4 Nxe4 13. a3 Rc8 14. Bxf8 Kxf8 15. Rd1 Rxc2 16. Rxd7 Bc6 17. Rd8+ Be8 18. Ra8 g6 19. Bd3 Rc1+ 20. Ke2 Rxh1 21. Bxe4 Kg7 22. Nd6 Bd7 23. Rxa7 Rd8 24. h3 h6 25. a4 Ra1 26. b3 Ra2+ 27. Kd3 Rf2 28. Rc7 Be8 29. Ke3 Rb2 30. Bc2 g5 31. fxg5 hxg5 32. Kd2 b5 33. Kc1 Rxc2+ 34. Kxc2 bxa4 35. Nxe8+ Rxe8 36. bxa4 Ra8 37. Kb3 Ra5 38. Rc2 Rxe5 39. Ra2 Ra5 40. Kb4 Ra8 41. a5 f5 42. a6 Kf6 43. a7 f4 44. Kc5 g4 45. hxg4 Kg5 46. Kd6 Kxg4 47. Ke5 1-0

[Event "TCh-ESP Div Honor 2016"]
[White "Saric, Ivan"]
[Black "Antipov, Mikhail Al"]
[Site "Monzon"]
[Result "1-0"]
[Date "2016.10.01"]
[WhiteElo "2668"]
[BlackElo "2550"]
[PlyCount "137"]
[TimeControl "60"]

1. e4 c5 2. Nf3 Nc6 3. Nc3 g6 4. d4 cxd4 5. Nxd4 Bg7 6. Be3 Nf6 7. Bc4 0-0 8. Bb3 d5 9. exd5 Na5 10. Qf3 Nxb3 11. axb3 Bg4 12. Qg3 Bh5 13. d6 e5 14. Ndb5 Ne8 15. Bc5 Rc8 16. Bb4 a6 17. Qh3 f5 18. Nc7 Nxd6 19. Ne6 Qb6 20. Bxd6 Qxd6 21. Nxf8 Rxf8 22. Qd3 Qxd3 23. cxd3 Rd8 24. f3 Rxd3 25. Rd1 Rxd1+ 26. Nxd1 e4 27. fxe4 fxe4 28. Kd2 Bg4 29. Ke3 Be6 30. b4 Bf8 31. Kxe4 Bxb4 32. Ne3 Bf8 33. Rd1 Bg7 34. Rd8+ Kf7 35. Rb8 b5 36. Rb7+ Kg8 37. Rb6 Bb3 38. Rxa6 Bxb2 39. Rb6 Bg7 40. Rxb5 Be6 41. g4 Bf6 42. g5 Bg7 43. Rb8+ Kf7 44. Rb7+ Kf8 45. Nd5 Bxd5+ 46. Kxd5 Kg8 47. Rc7 Bb2 48. Ke6 Bd4 49. Rd7 Bb2 50. h4 Bc3 51. Rc7 Bd4 52. Rc4 Bb2 53. h5 gxh5 54. Kf5 Kg7 55. Rc7+ Kg8 56. Rc2 Bd4 57. Rh2 Kg7 58. Rxh5 Bb2 59. Rh3 Kg8 60. Rb3 Bd4 61. Rb7 Bc3 62. Kg4 Bd4 63. Kh5 Bc5 64. Rc7 Bd6 65. Rd7 Bc5 66. Kg4 Ba3 67. Rd3 Bb2 68. Kh5 Bg7 69. g6 1-0

[Event "TCh-ESP Div Honor 2016"]
[White "Kuzubov, Yuriy"]
[Black "Gonzalez De La Torre, Santiago"]
[Site "Monzon"]
[Result "1-0"]
[Date "2016.10.01"]
[WhiteElo "2629"]
[BlackElo "2459"]
[PlyCount "111"]
[TimeControl "60"]

1. c4 Nf6 2. Nf3 e6 3. g3 a6 4. Bg2 b5 5. b3 Bb7 6. 0-0 c5 7. Nc3 b4 8. Na4 d6 9. d4 cxd4 10. Qxd4 Nbd7 11. a3 a5 12. axb4 axb4 13. Bd2 Rb8 14. Ne1 Bxg2 15. Kxg2 Qc7 16. Nd3 Nc5 17. Naxc5 dxc5 18. Qf4 Bd6 19. Qf3 0-0 20. Bg5 Nd7 21. Ra6 Rb6 22. Rxb6 Qxb6 23. Rd1 h6 24. Be3 Rd8 25. g4 Be7 26. Bf4 Nf8 27. Ra1 Bd6 28. Bg3 Be7 29. Ra8 Rxa8 30. Qxa8 f6 31. Qe8 Qb7+ 32. f3 Qd7 33. Qxd7 Nxd7 34. h4 g5 35. f4 Kf7 36. fxg5 hxg5 37. hxg5 fxg5 38. Ne5+ Nxe5 39. Bxe5 Bf8 40. Kf3 Be7 41. Ke4 Bf8 42. Bb2 Bd6 43. Bh8 Bc7 44. Be5 Bb6 45. Bb8 Kf6 46. Bd6 Ba7 47. Bc7 Ke7 48. Ke5 Kd7 49. Bd6 Bb6 50. Bf8 Ke8 51. Bh6 Kf7 52. Bxg5 Bc7+ 53. Ke4 Bd6 54. Bf4 Bf8 55. Ke5 Ke7 56. Be3 1-0

[Event "TCh-ESP Div Honor 2016"]
[White "Fedorchuk, Sergey A"]
[Black "Santos Latasa, Jaime"]
[Site "Monzon"]
[Result "1-0"]
[Date "2016.10.01"]
[WhiteElo "2623"]
[BlackElo "2569"]
[PlyCount "64"]
[TimeControl "60"]

1. e4 c5 2. Nf3 d6 3. d4 Nf6 4. Nc3 cxd4 5. Nxd4 a6 6. h3 e6 7. g4 Be7 8. g5 Nfd7 9. Be3 b5 10. a3 Bb7 11. h4 Nc6 12. Rh3 0-0 13. Qd2 Rc8 14. Nxc6 Rxc6 15. 0-0-0 Ne5 16. f4 Nc4 17. Bxc4 Rxc4 18. f5 Re8 19. f6 Bf8 20. e5 d5 21. Bd4 Qa5 22. Qf2 Bxa3 23. bxa3 Qxa3+ 24. Kd2 b4 25. h5 bxc3+ 26. Kd3 Qa4 27. Rh4 Qb5 28. Ke3 Qd7 29. Rf1 Qc7 30. Qf4 Rf8 31. fxg7 Re8 32. g6 Bc8 1-0

[Event "TCh-ESP Div Honor 2016"]
[White "Delchev, Aleksander"]
[Black "Arizmendi Martinez, Julen Luis"]
[Site "Monzon"]
[Result "0-1"]
[Date "2016.10.01"]
[WhiteElo "2591"]
[BlackElo "2489"]
[PlyCount "82"]
[TimeControl "60"]

1. e4 e6 2. d4 d5 3. Nd2 h6 4. Ngf3 Nf6 5. Bd3 c5 6. exd5 Nxd5 7. 0-0 Nc6 8. dxc5 Bxc5 9. Ne4 Be7 10. c4 Nf6 11. Qe2 Qc7 12. Rd1 b6 13. Nc3 a6 14. Be3 Ng4 15. Nd5 exd5 16. cxd5 Nce5 17. Bf4 Nxf3+ 18. Qxf3 Bd6 19. Rac1 Qd8 20. Re1+ Kf8 21. Qg3 Bxf4 22. Qxf4 Nf6 23. Rc7 Bd7 24. Bc4 g5 25. Qd6+ Kg7 26. Qxb6 Rb8 27. Qa5 Re8 28. Rd1 Bb5 29. Bb3 Qd6 30. Qc3 Re2 31. h4 Rbe8 32. a4 R8e3 33. fxe3 Qg3 34. Rxf7+ Kxf7 35. Qc7+ Qxc7 36. d6+ Qc4 37. Bxc4+ Bxc4 38. d7 Nxd7 39. Rxd7+ Kg6 40. Rd6+ Kh5 41. hxg5 hxg5 0-1

[Event "TCh-ESP Div Honor 2016"]
[White "Antoli Royo, Joaquin Miguel"]
[Black "Argandona Riveiro, Inigo"]
[Site "Monzon"]
[Result "0-1"]
[Date "2016.10.01"]
[WhiteElo "2441"]
[BlackElo "2453"]
[PlyCount "85"]
[TimeControl "60"]

1. e4 e5 2. Nf3 d6 3. d4 exd4 4. Nxd4 Nf6 5. Nc3 Be7 6. Bf4 0-0 7. Qd2 d5 8. Ndb5 Bb4 9. f3 Ba5 10. 0-0-0 a6 11. Na3 c6 12. Qe3 b5 13. Nab1 Bb6 14. Qe1 d4 15. g4 Be6 16. Bg5 h6 17. Bh4 Nbd7 18. Ne2 Ne5 19. Bg2 Bxa2 20. g5 d3 21. Nf4 hxg5 22. Bxg5 dxc2 23. Kxc2 Qe7 24. Nc3 Bc4 25. Nh5 Ng6 26. Bxf6 gxf6 27. Qd2 Kh7 28. Qd7 Qe5 29. Qxc6 Qxh5 30. Qxb6 Nf4 31. Bf1 Be6 32. Qe3 Qe5 33. Qf2 Rac8 34. Kb1 Rfd8 35. Rxd8 Rxd8 36. Rg1 Ng6 37. h4 b4 38. Nd5 Rxd5 39. exd5 Qxd5 40. Qe1 Bf5+ 41. Kc1 Qc5+ 42. Bc4 Bc8 43. Qd1 0-1

[Event "TCh-ESP Div Honor 2016"]
[White "Franco Alonso, Alejandro"]
[Black "Forcen Esteban, Daniel"]
[Site "Monzon"]
[Result "1-0"]
[Date "2016.10.01"]
[WhiteElo "2426"]
[BlackElo "2540"]
[PlyCount "129"]
[TimeControl "60"]

1. Nf3 Nf6 2. g3 d5 3. Bg2 c5 4. 0-0 Nc6 5. d4 e6 6. c4 cxd4 7. Nxd4 Bc5 8. Nxc6 bxc6 9. Qc2 Be7 10. Rd1 0-0 11. Nc3 Bb7 12. e4 Qc7 13. Qa4 dxc4 14. Qxc4 a5 15. Na4 Ba6 16. Qc2 Bb5 17. Nc3 Ba6 18. Na4 c5 19. Bf4 e5 20. Bg5 c4 21. Nc3 Qb7 22. Bxf6 Bxf6 23. Nd5 Bd8 24. Qc3 Re8 25. Bf1 Rc8 26. Bh3 Rb8 27. Bd7 Rf8 28. Rab1 Bc7 29. Bc6 Qa7 30. Nxc7 Qxc7 31. Bd5 Rfc8 32. Rbc1 a4 33. b3 axb3 34. axb3 Rxb3 35. Qxb3 cxb3 36. Rxc7 Rxc7 37. Bxb3 g6 38. Kg2 Kg7 39. Rd6 Be2 40. Bd1 Bc4 41. h4 Ra7 42. Rd2 Ra1 43. f3 h5 44. Kf2 Be6 45. Be2 Bb3 46. Rb2 Be6 47. Rd2 Kf6 48. Rd1 Ra2 49. Ke3 Ra4 50. Rd2 Ke7 51. Rd1 Rb4 52. Rd2 f5 53. exf5 gxf5 54. Rc2 f4+ 55. Kf2 Kd6 56. Bd3 Bd5 57. Bg6 Rb3 58. Bxh5 fxg3+ 59. Kxg3 e4 60. Rd2 e3 61. Rxd5+ Kxd5 62. Bf7+ Kd4 63. Bxb3 Kc3 64. Bd1 Kd2 65. Kf4 1-0

[Event "TCh-ESP Div Honor 2016"]
[White "Etchegaray, Patrice"]
[Black "Ramiro Ovejero, Juan Luis"]
[Site "Monzon"]
[Result "0-1"]
[Date "2016.10.01"]
[WhiteElo "2366"]
[BlackElo "2379"]
[PlyCount "117"]
[TimeControl "60"]

1. d4 d6 2. e4 Nf6 3. Nc3 e5 4. Nf3 Nbd7 5. Bc4 Be7 6. a4 0-0 7. 0-0 a5 8. Re1 c6 9. h3 Nb6 10. Bf1 exd4 11. Nxd4 d5 12. e5 Ne8 13. Nce2 g6 14. Ng3 Ng7 15. c3 Nd7 16. Bh6 Nc5 17. Qd2 Re8 18. Be3 h5 19. Qc2 h4 20. Nge2 Nf5 21. Bf4 Bg5 22. Nf3 Ne6 23. Bh2 Bh6 24. Rad1 Qb6 25. Ned4 Nexd4 26. Nxd4 Qd8 27. Nxf5 Bxf5 28. Bd3 Bxd3 29. Qxd3 Qg5 30. Qd4 Re6 31. c4 dxc4 32. Qxc4 Qe7 33. Re4 Bg7 34. f4 Rd8 35. Red4 Rxd4 36. Rxd4 Bf8 37. Kf1 Qc7 38. Qd3 Qb6 39. b3 Qc5 40. Ke2 Qc1 41. f5 Qb2+ 42. Qd2 Qxd2+ 43. Kxd2 gxf5 44. Rxh4 Bg7 45. Rd4 Bxe5 46. Bxe5 Rxe5 47. Rd7 b5 48. axb5 cxb5 49. Ra7 b4 50. Kd3 f4 51. Kd4 Rg5 52. Ke4 Rxg2 53. Rxa5 Rg3 54. Rb5 Rxb3 55. Kxf4 Rxh3 56. Ke4 Kg7 57. Kd4 Kg6 58. Kc4 b3 59. Kd4 0-1

[Event "TCh-ESP Div Honor 2016"]
[White "Sgircea, Silvia-Raluca"]
[Black "Matnadze, Ana"]
[Site "Monzon"]
[Result "1/2-1/2"]
[Date "2016.10.01"]
[WhiteElo "2286"]
[BlackElo "2383"]
[PlyCount "118"]
[TimeControl "60"]

1. Nf3 Nf6 2. c4 c6 3. d4 d5 4. Qc2 g6 5. Bf4 Bf5 6. Qb3 Qb6 7. c5 Qxb3 8. axb3 Na6 9. Nc3 Nb4 10. Ra4 a5 11. h3 Bg7 12. e3 Bc2 13. Nd2 Nd7 14. Bc7 e5 15. Bxa5 Rxa5 16. Rxa5 exd4 17. exd4 0-0 18. Be2 Bxd4 19. 0-0 Nxc5 20. Bd1 Ncd3 21. Bxc2 Nxc2 22. Nf3 Bb6 23. Ra2 Ncb4 24. Raa1 Re8 25. Na4 Ba7 26. Nc3 Bb6 27. Na4 Bc7 28. Ne1 Nf4 29. Nf3 Nfd3 30. Ne1 Nf4 31. Nf3 Nbd3 32. Nc3 Bb6 33. Ne1 Nc5 34. Ra3 d4 35. Na4 Ba7 36. b4 Na6 37. Nc5 Bxc5 38. bxc5 Nxc5 39. b4 Ne4 40. Nd3 Ne2+ 41. Kh2 N2c3 42. Re1 Rd8 43. Ra7 Nd6 44. Kg3 Ncb5 45. Raa1 Kf8 46. Kf4 Nc7 47. Kf3 Ndb5 48. Re2 Rd6 49. Ree1 Rd5 50. Re5 Rd8 51. Ree1 Rd6 52. Ke2 f6 53. Kd2 Kf7 54. Rec1 Rd8 55. Nc5 Rb8 56. Nd7 Rc8 57. Nc5 Rb8 58. Nd7 Rc8 59. Nc5 Rb8 1/2-1/2